AoeStats
← 口古口古嘎嘎

Arena

510079456Analyzed
4v4 RM · 3d ago on Sep 29, 2026· 54m 38s· 8 players
Game mode
Random Map
Map size
Large (8 player)
Population
200
Speed
Normal
Resources
Standard
Victory
Conquest
Starting age
Dark Age
Ending age
Imperial Age
RankedLock teamsTeams togetherTeam positionsShared explorationLock speedFull tech treeHidden civsTurbo modeCheats
Victory
Defeat
🇨🇳 Shu · China
1733
+10
1628
+14
🇹🇼 Armenians · Taiwan
1579
+16
1563
+17
🇩🇪 Teutons · Germany
1645
-17
🇦🇺 Turks · Australia
1636
-16
🇵🇪 Lithuanians · Peru
1530
-12
🇫🇷 Sicilians · France
1523
-12
我一日三十分寝男
10:29 Feudal Age
11:47 Double-Bit Axe
14:29 Castle Age
12:28 Horse Collar
15:44 Bow Saw
22:02 Wheelbarrow
22:37 Heavy Plow
22:45 Gold Mining
23:37 Loom
23:48 Fletching
27:02 Imperial Age
24:24 Fletching
25:03 Bodkin Arrow
25:11 Padded Archer Armor
26:23 Ballistics
26:54 Leather Archer Armor
27:36 Masonry
27:58 Bracer
28:24 Siege Engineers
28:46 Murder Holes
29:55 Chemistry
29:50 Ring Archer Armor
30:39 Conscription
31:46 Hand Cart
31:17 Town Watch
32:22 Yeomen
34:57 Elite Longbowman
36:24 Masonry
35:54 Treadmill Crane
36:11 Murder Holes
36:36 Warwolf
39:43 Hoardings
39:40 Stone Mining
42:23 Gold Shaft Mining
46:12 Two-Man Saw
47:57 Guilds
49:35 Architecture
48:57 Guard Tower
48:52 Arrowslits
52:18 Scale Mail Armor
52:28 Forging
52:40 Pikeman
53:20 Squires
53:38 Chain Mail Armor
55:08 Iron Casting
Sunny Day
10:04 Feudal Age
13:48 Castle Age
12:22 Double-Bit Axe
24:01 Wheelbarrow
27:00 Imperial Age
24:16 Town Watch
24:17 Loom
24:27 Horse Collar
24:58 Bow Saw
25:14 Squires
24:35 Man-at-Arms
25:00 Gambesons
24:43 Pikeman
25:21 Gold Mining
28:03 Hand Cart
27:20 Onager
28:07 Man-at-Arms
28:32 Gambesons
28:33 Arson
28:49 Scale Mail Armor
28:59 Forging
28:15 Halberdier
29:14 Heavy Plow
28:58 Long Swordsman
30:12 Chain Mail Armor
31:36 Iron Casting
30:24 Two-Handed Swordsman
32:30 Chemistry
31:40 Masonry
31:51 Ballistics
32:21 Champion
33:46 Fereters
34:12 Plate Mail Armor
35:33 Blast Furnace
41:05 Stone Mining
41:51 Gold Shaft Mining
42:05 Fletching
42:15 Padded Archer Armor
42:38 Ballistics
43:16 Bodkin Arrow
43:51 Leather Archer Armor
43:03 Elite Composite Bowman
46:01 Bracer
50:55 Conscription
50:57 Capped Ram
52:08 Siege Ram
口古口古嘎嘎
10:15 Feudal Age
11:41 Double-Bit Axe
11:53 Horse Collar
14:27 Castle Age
15:38 Bow Saw
18:00 Town Watch
18:41 Loom
19:38 Gold Mining
20:34 Wheelbarrow
26:01 Imperial Age
24:05 Fletching
24:06 Crossbowman
25:16 Hand Cart
25:39 Gold Shaft Mining
25:15 Bodkin Arrow
26:40 Ballistics
26:16 Arbalester
28:01 Chemistry
27:12 Thumb Ring
27:09 Treadmill Crane
27:03 Arbalester
28:52 Conscription
28:42 Stone Mining
30:58 Bracer
31:28 Masonry
33:07 Hoardings
42:43 Padded Archer Armor
43:53 Leather Archer Armor
51:12 Elite Skirmisher
51:57 Capped Ram
53:33 Siege Ram
55:32 Ring Archer Armor
种田人口才是基本盘
10:07 Feudal Age
13:49 Castle Age
12:01 Horse Collar
15:26 Heavy Plow
22:02 Wheelbarrow
22:47 Gold Mining
24:32 Loom
25:17 Scale Barding Armor
27:44 Imperial Age
25:30 Hand Cart
26:05 Forging
26:42 Fortified Wall
27:24 Gold Shaft Mining
27:50 Bloodlines
27:41 Husbandry
28:18 Iron Casting
28:26 Elite Battle Elephant
30:09 Blast Furnace
29:56 Chain Barding Armor
30:36 Conscription
32:34 Plate Barding Armor
32:01 Howdah
32:28 Stone Mining
34:30 Devotion
35:25 Fletching
36:43 Bodkin Arrow
37:12 Ballistics
37:52 Chemistry
37:03 Masonry
39:06 Bracer
39:12 Pikeman
39:52 Squires
39:54 Scale Mail Armor
40:26 Halberdier
41:22 Chain Mail Armor
42:42 Arson
43:29 Plate Mail Armor
42:29 Light Cavalry
43:39 Hussar
43:58 Capped Ram
45:32 Crop Rotation
KLIKELIN
10:07 Feudal Age
13:49 Castle Age
12:12 Double-Bit Axe
12:09 Horse Collar
18:58 Loom
22:44 Bow Saw
25:18 Wheelbarrow
24:50 Gold Mining
24:50 Stone Mining
25:02 Heavy Plow
26:39 Stone Shaft Mining
26:45 Hand Cart
28:06 Squires
30:39 Imperial Age
28:25 Husbandry
28:36 Bloodlines
28:06 Pikeman
28:59 Forging
28:51 Scale Mail Armor
30:43 Cavalier
32:10 Iron Casting
31:42 Scale Barding Armor
31:54 Chain Mail Armor
33:00 Chain Barding Armor
33:14 Conscription
33:01 Tower Shields
32:40 Halberdier
35:09 Plate Barding Armor
34:44 Paladin
41:49 Chain Mail Armor
43:10 Tower Shields
🦌 Jolly Jumper
10:32 Feudal Age
11:31 Double-Bit Axe
14:04 Castle Age
12:17 Horse Collar
15:05 Bow Saw
15:54 Heavy Plow
19:45 Wheelbarrow
20:11 Stone Mining
22:09 Hand Cart
22:51 Gold Mining
24:57 Stone Shaft Mining
28:35 Imperial Age
26:37 Loom
27:07 Fletching
28:02 Ballistics
27:48 Bodkin Arrow
28:55 Coinage
28:39 Onager
30:23 Chemistry
29:30 Siege Engineers
30:20 Guilds
30:23 Heavy Scorpion
30:38 Siege Onager
31:27 Heavy Scorpion
32:40 Crenellations
32:41 Conscription
33:24 Padded Archer Armor
33:29 Scale Mail Armor
33:39 Forging
33:55 Masonry
36:03 Banking
35:34 Caravan
35:10 Elite Teutonic Knight
36:13 Ironclad
36:30 Hoardings
39:28 Squires
39:13 Arson
39:45 Chain Mail Armor
40:06 Iron Casting
40:37 Two-Man Saw
41:52 Plate Mail Armor
44:08 Blast Furnace
45:22 Crop Rotation
46:44 Fortified Wall
50:40 Capped Ram
JohnnySniper
10:56 Feudal Age
14:32 Castle Age
12:38 Double-Bit Axe
13:55 Horse Collar
16:28 Wheelbarrow
21:39 Bow Saw
22:21 Heavy Plow
24:44 Gold Mining
24:45 Stone Mining
28:34 Imperial Age
26:08 Fletching
26:19 Scale Mail Armor
26:30 Forging
27:33 Gold Shaft Mining
27:34 Stone Shaft Mining
27:09 Gambesons
27:24 Squires
27:10 Arson
28:14 First Crusade
28:25 Chain Mail Armor
28:05 Bodkin Arrow
29:40 Conscription
28:46 Capped Ram
29:04 Elite Serjeant
29:33 Loom
29:34 Town Watch
30:34 Iron Casting
31:07 Hoardings
31:23 Ballistics
32:03 Chemistry
32:04 Plate Mail Armor
35:33 Blast Furnace
34:28 Bodkin Arrow
34:23 Arrowslits
34:49 Masonry
34:32 Siege Ram
37:56 Bracer
38:07 Siege Engineers
37:58 Murder Holes
42:19 Hand Cart
45:59 Hauberk
46:19 Scale Barding Armor
45:37 Cavalier
46:18 Husbandry
46:29 Bloodlines
45:39 Light Cavalry
48:27 Chain Barding Armor
49:44 Plate Barding Armor
ClockWork
10:32 Feudal Age
14:20 Castle Age
13:09 Double-Bit Axe
13:04 Horse Collar
15:34 Bow Saw
20:06 Wheelbarrow
21:54 Hand Cart
27:44 Imperial Age
25:00 Loom
25:19 Heavy Plow
25:10 Gold Mining
25:31 Husbandry
25:41 Bloodlines
25:45 Fletching
26:19 Ballistics
26:04 Padded Archer Armor
27:33 Sipahi
27:10 Bodkin Arrow
28:06 Leather Archer Armor
28:28 Bracer
29:33 Parthian Tactics
29:21 Thumb Ring
29:21 Town Watch
29:43 Heavy Cavalry Archer
32:32 Ring Archer Armor
Connection lost

Rejoining the realm…

Still unreachable

The connection could not be restored.

Session expired

The server has moved on; the page needs a fresh start.